Map: Submarine LE

Players

rottenorange - Winner!

  • Race: Zerg Zerg
  • League: Gold
  • Spawn Location: 5:00

SUNSHINE

  • Race: Protoss Protoss
  • Spawn Location: 11:00

VOD

Have the link to the VOD?

Description

Time

  • Played on: Oct. 11, 2020, 6:55 a.m.
  • Length: 11:35
Show
View Real Time Build Order
Export as new Build Order

rottenorange Zerg - Winner!

Build Orders: Hatch First 

Get SALT Encoding   

  12  0:00  Drone  
  13  0:09  Drone  
  14  0:20  Overlord  
  14  0:38  Drone x3  
  17  0:54  Hatchery  
  17  0:57  Drone  
  17  1:06  Extractor  
  16  1:16  Drone, Spawning Pool  
  16  1:20  Drone  
  16  1:25  Drone  
  18  1:39  Drone  
  19  1:46  Drone  
  20  2:07  Queen  
  22  2:08  Queen  
  22  2:09  Drone x3  
  27  2:18  Drone  
  28  2:42  Overlord x3  
  28  2:48  Spine Crawler  
  28  2:50  Drone  
  28  2:59  Queen  
  28  3:00  Metabolic Boost  
  28  3:02  Drone x4  
  34  3:22  Roach Warren  
  33  3:40  Hatchery  
  31  3:43  Zergling x2  
  31  3:44  Zergling x16  
  34  4:05  Drone x3  
  35  4:15  Drone x4  
  38  4:31  Drone x3  
  38  4:32  Drone x3  
  44  5:08  Queen  
  44  5:09  Drone  
  44  5:10  Drone x9  
  56  5:16  Drone  
  56  5:17  Drone  
  58  5:22  Overlord x3  
  58  5:26  Lair  
  57  5:36  Spore Crawler  
  57  5:39  Spore Crawler  
  57  5:40  Extractor  
  54  5:46  Spore Crawler  
  53  5:53  Queen  
  55  5:57  Drone  
  55  5:58  Drone x9  
  55  6:02  Extractor  
  64  6:29  Overlord x3  
  64  6:52  Overseer  
  64  6:53  Overseer x2  
  63  7:07  Drone x3  
  66  7:14  Spine Crawler  
  66  7:15  Drone  
  66  7:16  Drone x3  
  66  7:17  Drone x5  
  66  7:18  Spine Crawler  
  66  7:20  Drone  
  74  7:24  Extractor  
  74  7:27  Roach  
  74  7:28  Roach x9  
  93  7:35  Drone, Hydralisk Den  
  93  7:36  Drone  
  93  7:37  Drone x3  
  96  7:38  Evolution Chamber  
  96  7:41  Evolution Chamber  
  95  7:46  Roach  
  95  7:49  Glial Reconstitution  
  97  7:58  Overlord x5  
  97  7:59  Overlord x3  
  97  8:18  Hatchery  
  96  8:20  Grooved Spines, Zerg Missile Weapons Level 1, Zerg Ground Armor Level 1  
  88  9:04  Hydralisk x12  
  88  9:05  Hydralisk x6  
  123  9:18  Pneumatized Carapace  
  123  9:25  Extractor x2, Drone  
  122  9:38  Queen  
  122  9:40  Drone, Hydralisk  
  122  9:41  Hydralisk x7  
  141  9:57  Roach x8  
  157  10:06  Muscular Augments  
  157  10:12  Overlord x4  
  157  10:13  Overlord x2  
  158  10:28  Drone  
  158  10:29  Drone x8  
  148  10:59  Hydralisk  
  148  11:00  Hydralisk x17  
  148  11:01  Hydralisk x2  
Show
View Real Time Build Order
Export as new Build Order

SUNSHINE Protoss 

Build Orders:  

Get SALT Encoding   

  12  0:00  Probe  
  13  0:13  Probe (Chrono Boost)  
  14  0:19  Pylon  
  14  0:25  Probe (Chrono Boost)  
  15  0:35  Probe (Chrono Boost)  
  16  0:47  Gateway  
  16  0:51  Gateway  
  16  0:57  Probe (Chrono Boost)  
  16  1:00  Assimilator  
  17  1:09  Probe (Chrono Boost)  
  18  1:14  Pylon  
  18  1:15  Probe (Chrono Boost)  
  19  1:24  Probe  
  20  1:43  Cybernetics Core  
  20  1:48  Probe  
  20  1:49  Pylon  
  21  1:57  Zealot  
  21  1:58  Forge  
  23  2:08  Probe (Chrono Boost)  
  24  2:19  Probe (Chrono Boost)  
  25  2:24  Probe (Chrono Boost)  
  25  2:29  Nexus  
  26  2:34  Adept  
  26  2:36  Adept  
  30  2:48  Photon Cannon  
  30  2:52  Warp Gate (Chrono Boost)  
  30  2:56  Assimilator  
  30  3:13  Probe  
  31  3:21  Stalker  
  33  3:29  Stargate  
  29  4:18  Stalker x2  
  29  4:20  Probe (Chrono Boost)  
  29  4:22  Void Ray  
  34  4:27  Probe (Chrono Boost)  
  34  4:31  Probe (Chrono Boost)  
  40  4:35  Probe (Chrono Boost)  
  40  4:37  Probe (Chrono Boost)  
  42  4:41  Probe (Chrono Boost)  
  43  4:47  Assimilator, Probe (Chrono Boost)  
  43  4:50  Assimilator  
  43  4:51  Protoss Air Weapons Level 1  
  45  4:56  Probe x2 (Chrono Boost)  
  45  4:58  Sentry  
  48  5:36  Zealot  
  48  5:37  Stalker  
  52  5:56  Pylon  
  52  5:57  Stargate  
  52  5:58  Fleet Beacon  
  52  6:07  Zealot  
  52  6:10  Pylon  
  52  6:11  Pylon  
  54  6:13  Pylon  
  54  6:31  Protoss Ground Weapons Level 1  
  54  6:34  Probe (Chrono Boost)  
  54  6:37  Nexus  
  55  6:44  Probe (Chrono Boost)  
  56  6:49  Probe (Chrono Boost)  
  56  6:50  Pylon  
  57  7:00  Probe  
  54  7:10  Zealot x2  
  54  7:12  Probe  
  54  7:15  Carrier (Chrono Boost)  
  59  7:16  Carrier (Chrono Boost)  
  71  7:31  Protoss Air Weapons Level 2  
  71  7:55  Probe (Chrono Boost)  
  72  8:02  Photon Cannon x2  
  72  8:03  Probe x2 (Chrono Boost)  
  72  8:04  Shield Battery  
  72  8:05  Zealot, Photon Cannon  
  76  8:07  Probe (Chrono Boost), Shield Battery  
  76  8:08  Photon Cannon, Assimilator  
  76  8:09  Photon Cannon  
  76  8:12  Assimilator  
  79  8:13  Probe x2 (Chrono Boost)  
  79  8:44  Photon Cannon, Carrier (Chrono Boost)  
  79  8:47  Photon Cannon  
  74  9:15  Carrier (Chrono Boost)  
  80  9:18  Probe (Chrono Boost)  
  82  9:25  Probe (Chrono Boost)  
  82  9:28  Probe (Chrono Boost)  
  82  9:30  Probe (Chrono Boost)  
  83  9:33  Photon Cannon, Probe (Chrono Boost)  
  83  9:34  Pylon  
  83  9:36  Photon Cannon, Probe  
  83  9:38  Probe  
  86  9:45  Probe  
  88  9:47  Mothership (Chrono Boost)  
  88  9:50  Probe  
  97  9:53  Carrier  
  97  9:58  Probe (Chrono Boost)  
  97  9:59  Pylon x2  
  104  10:26  Twilight Council  
  104  10:28  Gateway  
  104  10:30  Gateway  
  104  10:32  Gateway  
  104  10:34  Gateway, Photon Cannon  
  68  11:23  Zealot  
  70  11:29  Zealot x2  
Tags
 
League
Gold
Matchup
PvZ
Replay Pack
replays
Spawn Locations
Cross Positions
Add a new tag
Caveats
  • Supply blocks, unpowered buildings, or Contaminate may cause inaccurate times.
  • Supply counts are checked every 10 seconds.